 Dungeon Crawl Stone Soup version 0.32-a0-893-gf85d74f360 (webtiles) character file.

Game seed: 12556990277014917899

19847 Orlauf the Dancer (level 12, -12/97 HPs)
             Began as a Demonspawn Gladiator on Apr 3, 2024.
             Was a Priest of Uskayaw.
             Mangled by a large slime creature (32 damage)
             ... on level 12 of the Dungeon.
             The game lasted 00:30:03 (12296 turns).

Orlauf the Dancer (Demonspawn Gladiator)           Turns: 12296, Time: 00:30:04

Health: -12/97     AC: 20    Str: 19    XL:     12   Next: 40%
Magic:  21/21      EV: 10    Int:  8    God:    Uskayaw [***...]
Gold:   1111       SH:  0    Dex: 16    Spells: 11/11 levels left

rFire   . . .        a - +1 quarterstaff (drain)
rCold   + . .        (shield currently unavailable)
rNeg    + . .        y - +1 scale mail {rPois}
rPois   +            K - +1 hat
rElec   .            (no cloak)
rCorr   .            v - +0 pair of gloves
SInv    .            (no boots)
Will    .....        s - amulet of the acrobat Stlth
                     j - ring of positive energy
HPRegen 0.36/turn    U - +4 ring of protection
MPRegen 0.17/turn

%: acrobat
@: no status effects
A: antennae 2, icy blue scales 3, powered by death 2, inability to read after
injury 1
a: Renounce Religion, Stomp, Line Pass


You were on level 12 of the Dungeon.
You worshipped Uskayaw.
Uskayaw was pleased with you.
You visited 1 branch of the dungeon, and saw 12 of its levels.
You also visited: Sewer and Gauntlet.

You collected 1231 gold pieces.
You spent 120 gold pieces at shops.

Inventory:

Hand Weapons
 a - a +1 quarterstaff of draining (weapon)
 e - the +3 spear "Juotel" {drain, ^Drain rPois rCorr Str+7}
   (You took it off a vampire on level 9 of the Dungeon)

   Str+7:     It affects your strength (+7).
   rPois:     It protects you from poison.
   rCorr:     It protects you from acid and corrosion.
   ^Drain:    It drains your maximum health when unequipped.
Missiles
 m - 41 poisoned darts
 B - 2 silver javelins
 L - 2 curare-tipped darts
 R - 5 javelins
Armour
 c - +0 fire dragon scales
 q - a +0 crystal plate armour
 v - a +0 pair of gloves (worn)
 y - a +1 scale mail of poison resistance (worn)
 K - a +1 hat (worn)
 W - the +0 pair of gloves "Jeigg" {*Slow rElec rF- Str+9}
   (You found it in a Gauntlet)

   Str+9:     It affects your strength (+9).
   rF-:       It makes you vulnerable to fire.
   rElec:     It insulates you from electricity.
   *Slow:     It may slow you when you take damage.
Jewellery
 b - a ring of positive energy
 f - the ring of Rosh {*Slow rElec rCorr Str+3 SInv}
   (You found it on level 2 of the Dungeon)

   [ring of see invisible]

   Str+3:     It affects your strength (+3).
   rElec:     It insulates you from electricity.
   SInv:      It lets you see invisible.
   rCorr:     It protects you from acid and corrosion.
   *Slow:     It may slow you when you take damage.
 j - a ring of positive energy (left hand)
 p - a ring of flight
 s - an amulet of the acrobat (around neck)
 D - an amulet of guardian spirit
 G - a +6 ring of dexterity
 Q - the ring "Ohiugh" {Wiz Fly rElec rF- Int+3}
   (You found it on level 9 of the Dungeon)

   [ring of wizardry]

   Wiz:       It improves your spell success rate.
   Int+3:     It affects your intelligence (+3).
   rF-:       It makes you vulnerable to fire.
   rElec:     It insulates you from electricity.
   Fly:       It grants you flight.
 S - a ring of see invisible
 U - a +4 ring of protection (right hand)
Wands
 r - a wand of paralysis (2)
 w - a wand of acid (3)
 x - a wand of warping (21)
 E - a wand of mindburst (10) (quivered)
 J - a wand of flame (22)
 T - a wand of digging (6)
Scrolls
 d - 10 scrolls of identify
 g - a scroll of enchant weapon
 k - a scroll of blinking
 l - 3 scrolls of vulnerability
 o - 2 scrolls of enchant armour
 H - a scroll of brand weapon
 I - a scroll of revelation
 M - a scroll of immolation
 N - a scroll of fog
 P - a scroll of summoning
Potions
 h - 3 potions of might
 i - a potion of attraction
 n - 3 potions of haste
 t - 3 potions of mutation
 u - a potion of ambrosia
 z - 3 potions of enlightenment
 A - 2 potions of berserk rage
 C - a potion of lignification
 F - 2 potions of curing
 O - a potion of heal wounds
 V - 2 potions of resistance


   Skills:
 - Level 9.6 Fighting
 * Level 12.4 Staves
 - Level 1.7 Throwing
 + Level 10.4 Armour
 - Level 2.6 Dodging
 + Level 12.6 Invocations


You had 11 spell levels left.
You didn't know any spells.
Your spell library contained the following spells:

 Spells                   Type           Power      Damage    Failure   Level
 Magic Dart               Conj           0%         1d3       71%         1
 Mercury Vapours          Alch/Air       0%         N/A       85%         2
 Searing Ray              Conj           0%         2d4       85%         2
 Sublimation of Blood     Necr           0%         N/A       85%         2
 Inner Flame              Hex/Fire       0%         N/A       97%         3
 Mephitic Cloud           Conj/Alch/Air  0%         N/A       97%         3
 Teleport Other           Tloc           0%         N/A       97%         3
 Flame Wave               Conj/Fire      0%         2d4       100%        4
 Fulminant Prism          Conj/Alch      0%         3d5       100%        4
 Ignite Poison            Fire/Alch      0%         N/A       100%        4
 Passage of Golubria      Tloc           0%         N/A       100%        4
 Petrify                  Alch/Erth      0%         N/A       100%        4
 Sticky Flame             Fire/Alch      0%         2d4       100%        4
 Irradiate                Conj/Alch      0%         3d11      100%        5
 Silence                  Hex/Air        0%         N/A       100%        5
 Dispersal                Tloc           0%         N/A       100%        6
 Gell's Gavotte           Tloc           0%         2d(11-16) 100%        6
 Sculpt Simulacrum        Ice/Alch       0%         N/A       100%        6
 Ignition                 Fire           0%         3d3       100%        8
 Lehudib's Crystal Spear  Conj/Erth      0%         10d2      100%        8


Dungeon Overview and Level Annotations

Branches:
Dungeon (12/15)            Temple (0/1) D:7            Lair (0/5) D:8
    Orc (0/2) D:12          Sewer (visited)         Gauntlet (visited)

Altars:
Cheibriados
Fedhas
Gozag
Hepliaklqana
Kikubaaqudgha
Okawaru
Qazlal
Ru
Trog
Uskayaw
Yredelemnul

Shops:
D:7 **!


Innate Abilities, Weirdness & Mutations

You have a pair of antennae on your head.
You are completely covered in icy blue scales. (AC +4, rC+)
You regenerate health from kills.
You occasionally lose the ability to read scrolls when taking damage.


Message History

The slime creature hits you. The slime creature barely misses you.
You hit the slime creature.
The slime creature is severely wounded.
You sock the slime creature! You drain the slime creature.
The slime creature is almost dead.
The slime creature closely misses you. The large slime creature hits you!!
The slime creature misses you.
You sock the slime creature!
You kill the slime creature!
The large slime creature hits you!!
The slime creature jiggles.
The slime creature hits you but does no damage.
You are too injured to fight recklessly!
You are too injured to fight recklessly!
You are too injured to fight recklessly!
You are too injured to fight recklessly!
You are too injured to fight recklessly!
You are too injured to fight recklessly!
You are too injured to fight recklessly!
You are too injured to fight recklessly!
You are too injured to fight recklessly!
Unknown command.
You are too injured to fight recklessly!
You sock the large slime creature!
The large slime creature is lightly wounded.
Uskayaw will force your foes to helplessly watch your dance.
Uskayaw prepares the audience for your solo!
The helpless gargoyle fails to defend itself.
You hit the gargoyle but do no damage.
A slime creature comes into view.
The helpless gargoyle fails to defend itself.
You bludgeon the gargoyle!!
The gargoyle is severely damaged.
The slime creature is no longer paralysed.
The large slime creature is no longer paralysed.
The gargoyle is no longer paralysed.
The gargoyle hits you with a +0 flail!
* * * LOW HITPOINT WARNING * * *
The large slime creature hits you!!
You die...
Your body falls in perfect tune with the rhythm.

,,,*~~~~~~~~#....#......##
,,,**********...###.....#
,,,,,,,,,*##*#..* ####..#
,,,,,,,,,.#.##..* ##..#
.,,,,,,,,.......* ##..###
..,,,,,,,.......####.#.).#
...,,,,,,................#
...,,,,,,,,#.............#
...,,,,,,**##..J@###..####
..*,,,,,,,* #..J9#*##.#
..#...,,,***#.#...**###
,.....,,,,,J.,.....*
....#.,,,#.#,......#*
......,,,#**........****
......,,,* #...#....#,,*
......,,,**#...#.....,,**
.......,,*,,,,,*,,,,,,,,*


You could see a large slime creature, 2 slime creatures and a gargoyle.

Vanquished Creatures
  A minotaur (Gauntlet)
  A rakshasa (D:9)
  A centaur warrior (D:9)
  3 two-headed ogres
  A boulder beetle (D:11)
  3 ugly things
  A manticore (D:11)
  A cyclops (D:11)
  An ice statue (Gauntlet)
  2 gargoyles
  A minotaur zombie (Gauntlet)
  A torpor snail (Gauntlet)
  2 rime drakes (Gauntlet)
  A komodo dragon (D:11)
  3 red devils (D:11)
  A troll (D:10)
  A merfolk (D:9)
  A slime creature (D:12)
  Sigmund (D:3)
  A wraith (D:11)
  A spriggan (D:8)
  An unseen horror simulacrum (D:9)
  A shadow (D:11)
  3 wyverns
  17 yaks
  Eustachio (D:6)
  A neqoxec (Gauntlet)
  A vampire (D:9)
  3 steam dragons
  A basilisk (D:8)
  2 chaos spawn (Gauntlet)
  2 acid dragons
  5 water moccasins
  Duvessa (D:7)
  2 ice beasts
  4 orc warriors
  3 black bears
  An ogre (D:7)
  A centaur (D:9)
  3 wolves (Gauntlet)
  3 laughing skulls (Gauntlet)
  A phantom (D:4)
  3 kobold brigands
  2 bullfrogs
  A weeping skull (Gauntlet)
  A gnoll sergeant (D:7)
  4 wights (D:8)
  Dowan (D:7)
  6 killer bees (D:9)
  2 bombardier beetles
  5 howler monkeys
  2 jellies
  8 orc priests
  2 hounds
  A gnoll bouda (D:7)
  5 iguanas
  Terence (D:3)
  9 orc wizards
  6 gnolls (D:7)
  11 adders
  10 river rats
  A shadow imp (D:8)
  A white imp (D:5)
  2 ufetubi (D:5)
  3 dart slugs
  A ribbon worm (D:5)
  35 orcs
  3 endoplasms
  3 giant cockroaches
  10 goblins
  14 hobgoblins
  5 quokkas
  19 ball pythons
  2 bats (D:1)
  6 frilled lizards
  33 kobolds
  31 rats
335 creatures vanquished.

Notes
Turn   | Place    | Note
-------+----------+-------------------------------------------
     0 | D:1      | Orlauf the Demonspawn Gladiator began the quest for the
                  | Orb.
     0 | D:1      | Reached XP level 1. HP: 16/16 MP: 1/1
   166 | D:1      | Gained mutation: You regenerate a little health from kills.
                  | [demonic ancestry]
   166 | D:1      | Reached XP level 2. HP: 21/23 MP: 2/2
   567 | D:1      | Gained mutation: You are partially covered in icy blue
                  | scales. (AC +2) [demonic ancestry]
   567 | D:1      | Reached XP level 3. HP: 29/29 MP: 3/3
   657 | D:2      | Identified the ring of Rosh {*Slow rElec rCorr Str+3 SInv}
  1133 | D:2      | You fall into a shaft and drop 2 floors!
  1176 | D:4      | Reached XP level 4. HP: 37/37 MP: 4/4
  1300 | D:4      | Noticed a phantom
  1303 | D:4      | Found an ancient bone altar of Kikubaaqudgha.
  1362 | D:4      | Found a glowing drain.
  1387 | Sewer    | Entered a sewer
  1468 | Sewer    | Gained mutation: You regenerate health from kills. [demonic
                  | ancestry]
  1468 | Sewer    | Reached XP level 5. HP: 14/52 MP: 5/5
  1478 | Sewer    | Gained mutation: You have a pair of small antennae on your
                  | head. [demonic ancestry]
  1478 | Sewer    | Reached XP level 6. HP: 17/58 MP: 6/6
  1814 | Sewer    | Reached skill level 5 in Armour
  2405 | D:4      | Found a hide-covered altar of Uskayaw.
  2409 | D:4      | Became a worshipper of Uskayaw the Reveller
  2468 | D:3      | Found an iron altar of Okawaru.
  2497 | D:3      | Noticed Terence
  2502 | D:3      | Reached * piety under Uskayaw
  2505 | D:3      | Killed Terence
  2927 | D:3      | Found an opulent altar of Gozag.
  2929 | D:3      | Noticed Sigmund
  2940 | D:3      | Reached ** piety under Uskayaw
  2943 | D:3      | Killed Sigmund
  2943 | D:3      | Reached *** piety under Uskayaw
  2944 | D:3      | Reached skill level 1 in Invocations
  2944 | D:3      | Reached XP level 7. HP: 64/64 MP: 7/7
  3086 | D:3      | Found a faded altar of an unknown god.
  3579 | D:4      | Found a basalt altar of Yredelemnul.
  3804 | D:5      | Entered Level 5 of the Dungeon
  3881 | D:5      | Gained mutation: You have a pair of antennae on your head.
                  | [demonic ancestry]
  3881 | D:5      | Reached XP level 8. HP: 71/71 MP: 8/14
  4685 | D:6      | Noticed Eustachio
  4693 | D:6      | Killed Eustachio
  4786 | D:6      | Found a stormy altar of Qazlal.
  4800 | D:6      | Reached **** piety under Uskayaw
  4806 | D:6      | Reached XP level 9. HP: 77/77 MP: 15/15
  5107 | D:6      | Found a sacrificial altar of Ru.
  5380 | D:7      | Found a staircase to the Ecumenical Temple.
  5385 | D:7      | Noticed Dowan
  5393 | D:7      | Killed Dowan
  5440 | D:7      | Found Wir Mikh's Specific Store.
  5442 | D:7      | Found Abrelur's General Store.
  5495 | D:7      | Noticed Duvessa
  5510 | D:7      | Killed Duvessa
  5889 | D:7      | Found Ethatakh's Distillery.
  5897 | D:7      | Bought a potion of curing for 36 gold pieces
  5897 | D:7      | Bought a potion of curing for 36 gold pieces
  5897 | D:7      | Bought a potion of degeneration for 12 gold pieces
  5897 | D:7      | Bought a potion of curing for 36 gold pieces
  5952 | D:7      | Found a hazy altar of Hepliaklqana.
  7046 | D:8      | Gained mutation: You are mostly covered in icy blue scales.
                  | (AC +3) [demonic ancestry]
  7046 | D:8      | Reached XP level 10. HP: 84/84 MP: 16/16
  7140 | D:8      | Reached ***** piety under Uskayaw
  7162 | D:8      | Reached ****** piety under Uskayaw
  7176 | D:8      | Found a staircase to the Lair.
  7689 | D:9      | Reached skill level 10 in Invocations
  7762 | D:9      | Noticed a gargoyle
  7765 | D:9      | Noticed a centaur warrior
  7785 | D:9      | Killed a centaur warrior
  7786 | D:9      | Reached skill level 10 in Staves
  7791 | D:9      | Identified the +1 great sword of the World {protect, Str+2
                  | Int+5 Dex-2}
  7802 | D:9      | Killed a gargoyle
  7803 | D:9      | Gained mutation: You are completely covered in icy blue
                  | scales. (AC +4, rC+) [demonic ancestry]
  7803 | D:9      | Reached XP level 11. HP: 23/90 MP: 18/18
  8056 | D:9      | Found a snail-covered altar of Cheibriados.
  8058 | D:9      | Found a bloodstained altar of Trog.
  8328 | D:9      | Identified the ring "Ohiugh" {Wiz Fly rElec rF- Int+3}
  8387 | D:9      | Noticed a red ugly thing
  8398 | D:9      | Killed a red ugly thing
  8405 | D:9      | Identified the +3 spear "Juotel" {drain, ^Drain rPois rCorr
                  | Str+7}
  8504 | D:9      | Noticed a rakshasa
  8505 | D:9      | Noticed a green ugly thing
  8518 | D:9      | Killed a rakshasa
  8521 | D:9      | Killed a green ugly thing
  8732 | D:10     | Entered Level 10 of the Dungeon
  8892 | D:10     | Found a blossoming altar of Fedhas.
  9621 | D:11     | Noticed a boulder beetle
  9633 | D:11     | Killed a boulder beetle
 10911 | D:11     | Noticed a two-headed ogre
 10924 | D:11     | Killed a two-headed ogre
 11028 | D:11     | Noticed a two-headed ogre
 11038 | D:11     | Killed a two-headed ogre
 11039 | D:11     | Reached skill level 10 in Armour
 11039 | D:11     | Reached XP level 12. HP: 68/97 MP: 20/20
 11148 | D:12     | Found a staircase to the Orcish Mines.
 11154 | D:12     | Noticed a two-headed ogre
 11173 | D:12     | Killed a two-headed ogre
 11202 | D:12     | Found a gate leading to a gauntlet.
 11211 | Gauntlet | Entered a Gauntlet
 11211 | Gauntlet | Found a transporter.
 11305 | Gauntlet | Found a transporter.
 11305 | Gauntlet | Found a transporter.
 11306 | Gauntlet | Found a transporter.
 11314 | Gauntlet | Found a transporter.
 11317 | Gauntlet | Found a transporter.
 11318 | Gauntlet | Found a transporter.
 11329 | Gauntlet | Found a transporter.
 11330 | Gauntlet | Found a transporter.
 11334 | Gauntlet | Found a runed translucent door.
 11336 | Gauntlet | Found a runed translucent door.
 11338 | Gauntlet | Found a transporter.
 11341 | Gauntlet | Found a transporter.
 11342 | Gauntlet | Found a transporter.
 11345 | Gauntlet | Noticed a green death
 11355 | Gauntlet | Found a transporter.
 11386 | Gauntlet | Found a transporter.
 11455 | Gauntlet | Gained mutation: You occasionally lose the ability to read
                  | scrolls when taking damage. [a neqoxec]
 11467 | Gauntlet | Got the Opusculum on Alteration
 11791 | Gauntlet | Identified the +0 pair of gloves "Jeigg" {*Slow rElec rF-
                  | Str+9}
 12116 | Gauntlet | Noticed a minotaur
 12137 | Gauntlet | Killed a minotaur
 12296 | D:12     | Mangled by a large slime creature

Illustrated notes

Levels and vault maps discovered:
D:1:      saegor_arrival_simple_c, layout_rooms, item_on_display_a
D:2:      layout_loops_ring, kennysheep_generic_room_15
D:3:      layout_basic, old_standard_altar, okawaru_trees_2,
          shapermc_ecumenical_altar_hornbeckon, saegor_snake_ambush,
          uniq_terence, uniq_sigmund
D:4:      layout_basic, marbit_many_paths, mainiacjoe_overflow_boulevard,
          kiku_gazebo_pond_becter, portal_sewer_entry_a, kennysheep_small_square
D:5:      layout_basic, kennysheep_generic_room_12
D:6:      layout_loops_cross, nicolae_ru_great_annihilating_truth,
          kennysheep_mini, uniq_eustachio
D:7:      kennysheep_housing_project, layout_basic, nzn_hepliaklqana_mist_gate,
          minmay_temple_entry_junction, serial_shops, nicolae_shop_peninsula,
          serial_library_hellmonk_small_corner, grunt_decor_one_mirror,
          ebering_dispersal_statue_hall, nicolae_specific_store, uniq_duvessa
D:8:      layout_loops_ring, minmay_lair_entry_grove, the_hattery
D:9:      minmay_tri_box, layout_rooms, kennysheep_mini_moat,
          jmf_multi_god_temple, hangedman_fish_farm
D:10:     layout_basic, mainiacjoe_overflow_small_starburst,
          general_overflow_altar
D:11:     layout_basic, einodemon_armed_red_devil_minivault
D:12:     layout_cave_pools, minmay_orc_entry_temple_small,
          gauntlet_entry_generic, minivault_19, kennysheep_generic_room_7

Skill      XL: |  1  2  3  4  5  6  7  8  9 10 11 12 |
---------------+-------------------------------------+-----
Staves         | 3 6 8 10 11 12 | 12.4
Fighting       | 3 9 |  9.6
Armour         | 4 5 7 8 9 10 | 10.4
Invocations    | 1 8 9 10 11 12 | 12.6
Throwing       | |  1.7
Dodging        | |  2.6

Action                     |  1- 3 |  4- 6 |  7- 9 | 10-12 || total
---------------------------+-------+-------+-------+-------++-------
  Melee: Quarterstaff      |   111 |   255 |   322 |   577 ||  1265
  Throw: Throwing net      |     1 |     2 |     1 |     2 ||     6
         Dart              |       |       |     2 |     2 ||     4
         Javelin           |       |       |       |     5 ||     5
  Evoke: Wand              |       |       |     1 |    17 ||    18
    Use: Scroll            |     2 |     1 |    14 |     8 ||    25
         Potion            |     1 |     3 |     1 |     8 ||    13
   Stab: Sleeping          |     1 |     1 |       |       ||     2
         Held in net/web   |     1 |     2 |       |     3 ||     6
         Paralysed         |       |       |    10 |    53 ||    63
         Invisible         |       |       |       |     5 ||     5
 Armour: Leather armour    |    69 |     4 |       |       ||    73
         Skin              |     1 |       |       |       ||     1
         Chain mail        |       |   213 |    46 |       ||   259
         Scale mail        |       |       |   127 |   356 ||   483
  Dodge: Dodged            |    50 |   110 |   146 |   247 ||   553

Table legend: (Time is in decaauts)
 A = Elapsed time spent in this place.
 B = Non-inter-level travel time spent in this place.
 C = Inter-level travel time spent in this place.
 D = Time resting spent in this place.
 E = Time spent auto-exploring this place.
 F = Levels seen in this place.
 G = Mean time per level.
                   A        B        C        D        E       F      G
               +--------+--------+--------+--------+--------+-----+--------+
         Total |  12142 |  11286 |    856 |   1602 |   6573 |  14 |  867.3 |
       Dungeon |  10550 |   9694 |    856 |    961 |   6391 |  12 |  879.2 |
         Sewer |    706 |    706 |      0 |    120 |    169 |   1 |  706.0 |
      Gauntlet |    885 |    885 |      0 |    521 |     12 |   1 |  885.0 |
               +--------+--------+--------+--------+--------+-----+--------+

Top non-repeatable levels by time:
     D:7: 1413 daAuts
    D:11: 1107 daAuts
     D:9: 1062 daAuts
     D:8: 1034 daAuts
     D:4: 982 daAuts
Gauntlet: 885 daAuts
     D:2: 881 daAuts
     D:5: 874 daAuts
    D:10: 830 daAuts
     D:1: 752 daAuts
     D:3: 727 daAuts
     D:6: 720 daAuts
   Sewer: 706 daAuts
    D:12: 163 daAuts
